 Dungeon Crawl Stone Soup version 0.30.0-20-g3615ddf2f0 (webtiles) character file.

Game seed: 580828006881245088

88 qw the Chopper (level 4, -4/28 HPs)
             Began as a Gargoyle Fighter on May 31, 2023.
             Slain by an iguana (9 damage)
             ... on level 3 of the Dungeon.
             The game lasted 00:00:45 (2123 turns).

qw the Chopper (Gargoyle Fighter)                   Turns: 2123, Time: 00:00:45

Health: -4/28      AC: 11    Str: 22    XL:     4   Next: 53%
Magic:  4/4        EV:  9    Int:  8    God:
Gold:   77         SH:  4    Dex:  9    Spells: 3/3 levels left

rFire   . . .        Y - +0 war axe
rCold   . . .        c - +0 buckler
rNeg    + . .        b - +0 scale mail
rPois   inf          (no helmet)
rElec   +            (no cloak)
rCorr   .            f - +0 pair of gloves
SInv    .            (no boots)
Will    .....        (no amulet) Stlth
                     (no ring)
HPRegen 0.24/turn    (no ring)
MPRegen 0.09/turn

%: no passive effects
@: about to teleport
A: sickness immunity, AC +3, negative energy resistance 1, electricity
resistance, torment resistance 1, petrification resistance
a: no special abilities


You were on level 3 of the Dungeon.
You visited 1 branch of the dungeon, and saw 3 of its levels.

You collected 119 gold pieces.
You spent 42 gold pieces at shops.


Innate Abilities, Weirdness & Mutations

You are immune to sickness and miasma.
Your stone body is resilient. (AC +3)
You are immune to poison.
You resist negative energy. (rN+)
You are resistant to electric shocks. (rElec)
You are resistant to unholy torment.
You are immune to petrification.


   Skills:
 - Level 3.2 Fighting
 + Level 4.2 Axes
 - Level 3.2 Armour
 - Level 3.2 Shields


You had 3 spell levels left.
You didn't know any spells.
Your spell library was empty.

Inventory:

Hand Weapons
 h - a +0 whip
 Y - a +0 war axe (weapon)
Armour
 b - a +0 scale mail (worn)
 c - a +0 buckler (worn)
 f - a +0 pair of gloves (worn)
 j - a +0 helmet
Jewellery
 l - a +4 ring of protection
Scrolls
 e - a scroll of teleportation
Potions
 a - 2 potions of curing {unknown}
 d - a potion of might
 g - a potion of cancellation {unknown}
 i - a potion of attraction {unknown}
 k - a potion of resistance {unknown}
 m - 2 potions of invisibility {unknown}

Dungeon Overview and Level Annotations

Branches:
Dungeon (3/15)

Altars:

Shops:
D:1 (   D:2 ?


Message History

You now have 77 gold pieces (gained 5).
An iguana comes into view.
The iguana hisses angrily.
Enter note:
Enter note: You completely miss the iguana.
The iguana misses you.
You hit the iguana.
The iguana is moderately wounded.
The iguana bites you but does no damage.
The iguana barely misses you.
You barely miss the iguana.
The iguana is moderately wounded.
The frilled lizard hisses angrily.
The iguana bites you.
You hit the iguana but do no damage.
The iguana is moderately wounded.
The iguana closely misses you.
You barely miss the iguana.
The iguana is moderately wounded.
The iguana bites you. The iguana barely misses you.
You slash the iguana!
The iguana is almost dead.
You block the iguana's attack.
You closely miss the iguana.
The iguana is almost dead.
The iguana bites you!
You barely miss the iguana.
The iguana is almost dead.
You slash the frilled lizard!
You kill the frilled lizard!
The iguana bites you! You block the iguana's attack.
2122 ||| READING 2 scrolls of teleportation.
As you read the scroll of teleportation, it crumbles to dust.
You feel strangely unstable. The iguana barely misses you.
You barely miss the iguana.
The iguana is almost dead.
The iguana bites you!
You die...

### ..# #.# ### #.#
..#
.#########.######.#
..!...%........##.#
......l@...###.##.###
..######.......%....#
........#.###.##>#.#
...###....# #.##.#.#
##..#.# #.##.#.#
......# #.##.#.#
.....#.###.##.#.#
................#
#.....#....###...#


You could see an iguana.

Vanquished Creatures
  Robin (D:3)
  A gnoll (D:1)
  3 adders
  2 dart slugs
  2 ball pythons
  3 endoplasms (D:1)
  8 goblins
  3 hobgoblins
  2 kobolds (D:1)
  A quokka (D:1)
  3 bats
  3 frilled lizards
  7 rats
39 creatures vanquished.

Notes
Turn   | Place    | Note
-------+----------+-------------------------------------------
     0 | D:1      | qw the Gargoyle Fighter began the quest for the Orb.
     0 | D:1      | Reached XP level 1. HP: 14/14 MP: 1/1
     0 | D:1      | 0 ||| qw: Version: 0.2-a-102-gfc559e5
     0 | D:1      | 0 ||| qw: Game counter: 600
     0 | D:1      | 0 ||| qw: Always use a shield: true
     0 | D:1      | 0 ||| qw: God list: Okawaru
     0 | D:1      | 0 ||| qw: Allow faded altars: false
     0 | D:1      | 0 ||| qw: Do Orc after D:15 true
     0 | D:1      | 0 ||| qw: Do second Lair branch before Depths: true
     0 | D:1      | 0 ||| qw: Lair rune preference: random
     0 | D:1      | 0 ||| qw: Plans: Normal, Zot:1-4, Slime:5, God:TSO, Crypt,
                  | Tomb, Pan, Hells, Abyss, Win
     0 | D:1      | 0 ||| PLANNING D:1-11
   159 | D:1      | Reached skill level 2 in Axes
   268 | D:1      | 268 ||| Stepping ~*~*~tactically~*~*~ (stealth).
   277 | D:1      | Reached XP level 2. HP: 14/19 MP: 2/2
   456 | D:1      | 456 ||| Stepping ~*~*~tactically~*~*~ (stealth).
   652 | D:1      | 652 ||| Stepping ~*~*~tactically~*~*~ (hiding).
   788 | D:1      | Reached skill level 3 in Axes
   788 | D:1      | Reached XP level 3. HP: 16/23 MP: 3/3
   815 | D:1      | Found Lashuqol's Antique Weapon Boutique.
   889 | D:1      | 889 ||| READING scroll labelled VAV VOOCKI.
   890 | D:1      | 890 ||| READING scroll labelled HOUXTAVIDA.
  1046 | D:2      | Found The Oracle's Delphic Readings.
  1050 | D:2      | 1050 ||| SHOPLISTING scroll of enchant weapon (105 gold,
                  | have 94).
  1050 | D:2      | 1050 ||| BUYING scroll of teleportation (42 gold).
  1050 | D:2      | Bought a scroll of teleportation for 42 gold pieces
  1298 | D:2      | 1298 ||| Stepping ~*~*~tactically~*~*~ (hiding).
  1832 | D:2      | 1832 ||| UPGRADING to +0 pair of gloves.
  1837 | D:2      | 1837 ||| READING scroll labelled RUSUICZURGHI.
  1838 | D:2      | 1838 ||| READING scroll labelled UCIRIS FEKIWK.
  1924 | D:3      | 1924 ||| Stepping ~*~*~tactically~*~*~ (stealth).
  1925 | D:3      | Noticed Robin
  1926 | D:3      | 1926 ||| Stepping ~*~*~tactically~*~*~ (hiding).
  1930 | D:3      | Reached XP level 4. HP: 28/28 MP: 4/4
  1939 | D:3      | Killed Robin
  1940 | D:3      | Reached skill level 4 in Axes
  1943 | D:3      | 1943 ||| FLEEEEING.
  1944 | D:3      | 1944 ||| FLEEEEING.
  1945 | D:3      | 1945 ||| FLEEEEING.
  1951 | D:3      | Identified the +0 ring mail of the Dungeon {Int+4}
  2098 | D:3      | 2098 ||| Stepping ~*~*~tactically~*~*~ (stealth).
  2099 | D:3      | 2099 ||| Stepping ~*~*~tactically~*~*~ (stealth).
  2121 | D:3      | HP: 4/28 [iguana (9)]
  2122 | D:3      | 2122 ||| READING 2 scrolls of teleportation.
  2123 | D:3      | Slain by an iguana

Levels and vault maps discovered:
D:1:      wander_arrival_estate, layout_loops_ring, serial_shops,
          nicolae_shop_advertising_works [nicolae_subvault_shop_adworks],
          minmay_misc_feat_pillars, hangedman_decor_opposing
D:2:      layout_basic, grunt_ministairs_6, nicolae_nh_oracle_at_delphi
D:3:      layout_loops_ring, nicolae_titane, uniq_robin

Skill      XL: |  1  2  3  4 |
---------------+-------------+-----
Axes           | 2 3 4 |  4.2
Fighting       | |  3.2
Armour         | |  3.2
Shields        | |  3.2

Action                     |  1- 3 |  4- 6 || total
---------------------------+-------+-------++-------
  Melee: War axe           |    90 |    34 ||   124
    Use: Scroll            |     4 |     1 ||     5
 Armour: Scale mail        |    47 |    18 ||    65
  Dodge: Dodged            |    36 |    10 ||    46
  Block: Buckler           |    14 |     5 ||    19

Table legend:
 A = Non-vault XP
 B = Vault XP
 C = Vault XP percentage of total XP
 D = Non-vault monster count
 E = Vault monster count
 F = Vault count percentage of total count
                 A         B        C        D         E       F
            +---------+---------+-------+---------+---------+-------
      Total |      91 |      35 |  27.8 |      27 |      12 |  30.8
            +---------+---------+-------+---------+---------+-------
        D:1 |      43 |       0 |   0.0 |      18 |       0 |   0.0
        D:2 |      32 |       5 |  13.5 |       5 |       3 |  37.5
        D:3 |      16 |      30 |  65.2 |       4 |       9 |  69.2
            +---------+---------+-------+---------+---------+-------
